3A
GRIM REAPERS @ IDAHO FALLS CHUKARS
07/30/2034
 
TOP OF THE 1ST
Grim Reapers batting - Pitching for Idaho Falls Chukars : RHP Gilberto Guzmán
Pitching: RHP Gilberto Guzmán
Batting: RHB Tsuneari Hirano 0-0: Called Strike
0-1: Ball
1-1: Foul Ball, location: 2F
1-2: Ball
2-2: Ball
3-2: Foul Ball, location: 2F
3-2: Base on Balls
Batting: SHB Tekkan Hayagawa 0-0: Ball
1-0: Ball
2-0: Called Strike
2-1: Foul Ball, location: 2F
2-2: Strikes out swinging
Batting: RHB Bearooz Yacoobi 0-0: Called Strike
0-1: Fly out, F8 (Flyball, 8LD)
Batting: LHB Semo Hoaloha 0-0: Ball
Wild Pitch!
Tsuneari Hirano to second
1-0: Swinging Strike
1-1: Hit by Pitch
Batting: RHB Jaxton Goleta 0-0: Ground out 1-3 (Groundball, P)
Top of the 1st over - 0 runs, 0 hits, 0 errors, 2 left on base; Grim 0 - Idaho Falls 0
BOTTOM OF THE 1ST
Idaho Falls Chukars batting - Pitching for Grim Reapers : LHP Ramón Cerrillo
Pitching: LHP Ramón Cerrillo
Batting: RHB Kenny Johnson 0-0: Swinging Strike
0-1: Called Strike
0-2: SINGLE (Line Drive, 78S)
Batting: RHB Kelyn Diallo 0-0: Ball
1-0: Foul Ball, location: 2F
1-1: Swinging Strike
1-2: Ball
2-2: Foul Ball, location: 2F
2-2: Ball
3-2: Foul Ball, location: 2F
3-2: Strikes out looking
Batting: RHB Tadamichi Yamamoto 0-0: Ball
1-0: Swinging Strike
1-1: Swinging Strike
1-2: Ball
Wild Pitch!
Kenny Johnson to second
2-2: Ball
3-2: DOUBLE (Line Drive, 7D)
Kenny Johnson scores
Batting: RHB Bellmay Blake 0-0: Called Strike
0-1: Ball
1-1: Called Strike
1-2: Strikes out looking
Batting: RHB Ernesto Rivera 0-0: Foul Ball, location: 2F
0-1: Ball
Wild Pitch!
Tadamichi Yamamoto to third
1-1: Foul Ball, location: 2F
1-2: Foul Ball, location: 2F
1-2: Foul Ball, location: 2F
1-2: Foul Ball, location: 2F
1-2: Foul Ball, location: 2F
1-2: Strikes out swinging
Bottom of the 1st over - 1 run, 2 hits, 0 errors, 1 left on base; Grim 0 - Idaho Falls 1
TOP OF THE 2ND
Grim Reapers batting - Pitching for Idaho Falls Chukars : RHP Gilberto Guzmán
Batting: SHB Takechi Yamashita 0-0: Ball
1-0: Foul Ball, location: 2F
1-1: Ball
2-1: Foul Ball, location: 2F
2-2: SINGLE (Groundball, 3D)
Batting: RHB Joe Rodgers 0-0: Ball
1-0: Fly out, F2 (Popup, 23F)
Batting: RHB Chi-eun Mun 0-0: Swinging Strike
0-1: Foul Ball, location: 2F
0-2: Grounds into double play, 5-4-3 (Groundball, 5L)
Top of the 2nd over - 0 runs, 1 hit, 0 errors, 0 left on base; Grim 0 - Idaho Falls 1
BOTTOM OF THE 2ND
Idaho Falls Chukars batting - Pitching for Grim Reapers : LHP Ramón Cerrillo
Batting: RHB Toby Caunce 0-0: Swinging Strike
0-1: Ball
1-1: Ball
2-1: Foul Ball, location: 2F
2-2: Reached on error, E5 (Groundball, 56)
Batting: SHB Miguel González 0-0: Swinging Strike
0-1: Called Strike
0-2: Strikes out swinging
Batting: SHB Jesús Sánchez 0-0: Ball
1-0: SINGLE (Flyball, 8RM)
Toby Caunce to second
Batting: SHB Ricardo Ríos 0-0: Called Strike
0-1: Called Strike
0-2: Foul Ball, location: 2F
0-2: Strikes out swinging
Batting: RHB Kenny Johnson 0-0: Ball
1-0: Ball
2-0: Called Strike
2-1: Swinging Strike
2-2: SINGLE (Line Drive, 56D)
Toby Caunce to third
Jesús Sánchez to second
Batting: RHB Kelyn Diallo 0-0: Foul Ball, location: 2F
0-1: SINGLE (Groundball, 34D)
Toby Caunce scores
Jesús Sánchez to third
Kenny Johnson to second
Runner from 3rd tries for Home, SAFE, no throw
Batting: RHB Tadamichi Yamamoto 0-0: Ball
1-0: Ground out 4-3 (Groundball, 4)
Bottom of the 2nd over - 2 runs, 3 hits, 1 error, 2 left on base; Grim 0 - Idaho Falls 3
TOP OF THE 3RD
Grim Reapers batting - Pitching for Idaho Falls Chukars : RHP Gilberto Guzmán
Batting: RHB Marvin Strickland 0-0: Called Strike
0-1: Foul Ball, location: 2F
0-2: Ball
1-2: Ball
2-2: Ball
3-2: Foul Ball, location: 2F
3-2: Base on Balls
Batting: RHB Tsuneari Hirano 0-0: Foul Ball, location: 2F
0-1: Swinging Strike
0-2: Strikes out swinging
Batting: SHB Tekkan Hayagawa 0-0: Called Strike
0-1: Ball
1-1: 2-RUN HOME RUN (Flyball, 9LD), Distance : 359 ft
Batting: RHB Bearooz Yacoobi 0-0: Ball
1-0: Foul Ball, location: 2F
1-1: Fly out, F6 (Flyball, 56D)
Batting: LHB Semo Hoaloha 0-0: Called Strike
0-1: SINGLE (Line Drive, 89S)
Batting: RHB Jaxton Goleta 0-0: Called Strike
0-1: Fly out, F8 (Flyball, 8LD)
Top of the 3rd over - 2 runs, 2 hits, 0 errors, 1 left on base; Grim 2 - Idaho Falls 3
BOTTOM OF THE 3RD
Idaho Falls Chukars batting - Pitching for Grim Reapers : LHP Ramón Cerrillo
Batting: RHB Bellmay Blake 0-0: Foul Ball, location: 2F
0-1: Ball
1-1: Ball
2-1: Foul Ball, location: 2F
2-2: Fly out, F6 (Line Drive, 6M)
Batting: RHB Ernesto Rivera 0-0: Ball
1-0: Called Strike
1-1: Called Strike
1-2: Strikes out looking
Batting: RHB Toby Caunce 0-0: Ball
1-0: Ball
2-0: Fly out, F6 (Line Drive, 56)
Bottom of the 3rd over - 0 runs, 0 hits, 0 errors, 0 left on base; Grim 2 - Idaho Falls 3
TOP OF THE 4TH
Grim Reapers batting - Pitching for Idaho Falls Chukars : RHP Gilberto Guzmán
Batting: SHB Takechi Yamashita 0-0: Called Strike
0-1: Foul Ball, location: 2F
0-2: Foul Ball, location: 2F
0-2: Strikes out swinging
Pitching: RHP Myeong-hun Tae
Batting: RHB Joe Rodgers 0-0: TRIPLE (Line Drive, 89XD)
Batting: RHB Chi-eun Mun 0-0: Ball
1-0: Fly out, F7 (Line Drive, 78S)
Runner from 3rd tags up, SCORES, no throw
Batting: RHB Marvin Strickland 0-0: Foul Ball, location: 2F
0-1: Swinging Strike
0-2: SINGLE (Groundball, 4MD)
Batting: RHB Tsuneari Hirano 0-0: Ball
1-0: Called Strike
1-1: Swinging Strike
1-2: Ball
2-2: Strikes out looking
Top of the 4th over - 1 run, 2 hits, 0 errors, 1 left on base; Grim 3 - Idaho Falls 3
BOTTOM OF THE 4TH
Idaho Falls Chukars batting - Pitching for Grim Reapers : LHP Ramón Cerrillo
Batting: SHB Miguel González 0-0: Foul Ball, location: 2F
0-1: Called Strike
0-2: Ball
1-2: Ball
2-2: Strikes out swinging
Batting: SHB Jesús Sánchez 0-0: Ball
1-0: Called Strike
1-1: Called Strike
1-2: Strikes out swinging
Batting: SHB Ricardo Ríos 0-0: Foul Ball, location: 2F
0-1: Ball
1-1: Swinging Strike
1-2: Foul Ball, location: 2F
1-2: Ball
2-2: Ball
3-2: Strikes out looking
Bottom of the 4th over - 0 runs, 0 hits, 0 errors, 0 left on base; Grim 3 - Idaho Falls 3
TOP OF THE 5TH
Grim Reapers batting - Pitching for Idaho Falls Chukars : RHP Myeong-hun Tae
Batting: SHB Tekkan Hayagawa 0-0: Swinging Strike
0-1: Foul Ball, location: 2F
0-2: Ball
1-2: Strikes out swinging
Batting: RHB Bearooz Yacoobi 0-0: Ball
1-0: Ball
2-0: Called Strike
2-1: Swinging Strike
2-2: Ground out 6-3 (Groundball, 6)
Batting: LHB Semo Hoaloha 0-0: Called Strike
0-1: Ball
1-1: Swinging Strike
1-2: Ball
2-2: Ball
3-2: Foul Ball, location: 2F
3-2: Foul Ball, location: 2F
3-2: Fly out, F2 (Popup, 25F)
Top of the 5th over - 0 runs, 0 hits, 0 errors, 0 left on base; Grim 3 - Idaho Falls 3
BOTTOM OF THE 5TH
Idaho Falls Chukars batting - Pitching for Grim Reapers : LHP Ramón Cerrillo
Batting: RHB Kenny Johnson 0-0: Ground out 6-3 (Groundball, 6)
Batting: RHB Kelyn Diallo 0-0: Ground out 5-3 (Groundball, 56)
Batting: RHB Tadamichi Yamamoto 0-0: Called Strike
0-1: Foul Ball, location: 2F
0-2: Strikes out swinging
Bottom of the 5th over - 0 runs, 0 hits, 0 errors, 0 left on base; Grim 3 - Idaho Falls 3
TOP OF THE 6TH
Grim Reapers batting - Pitching for Idaho Falls Chukars : RHP Myeong-hun Tae
Batting: RHB Jaxton Goleta 0-0: Foul Ball, location: 2F
0-1: Swinging Strike
0-2: Ball
1-2: Ball
2-2: Ball
3-2: Foul Ball, location: 2F
3-2: Foul Ball, location: 2F
3-2: Strikes out swinging
Batting: SHB Takechi Yamashita 0-0: Called Strike
0-1: Ground out 4-3 (Groundball, 4M)
Batting: RHB Joe Rodgers 0-0: Fly out, F7 (Flyball, 7S)
Top of the 6th over - 0 runs, 0 hits, 0 errors, 0 left on base; Grim 3 - Idaho Falls 3
BOTTOM OF THE 6TH
Idaho Falls Chukars batting - Pitching for Grim Reapers : LHP Ramón Cerrillo
Batting: RHB Bellmay Blake 0-0: Swinging Strike
0-1: Called Strike
0-2: Fly out, F7 (Flyball, 7)
Batting: RHB Ernesto Rivera 0-0: Swinging Strike
0-1: Ball
1-1: Ball
2-1: Foul Ball, location: 2F
2-2: Ball
3-2: Foul Ball, location: 2F
3-2: Strikes out looking
Batting: RHB Toby Caunce 0-0: Ball
1-0: Ball
2-0: Called Strike
2-1: Foul Ball, location: 2F
2-2: Fly out, F7 (Flyball, 78S)
Bottom of the 6th over - 0 runs, 0 hits, 0 errors, 0 left on base; Grim 3 - Idaho Falls 3
TOP OF THE 7TH
Grim Reapers batting - Pitching for Idaho Falls Chukars : RHP Myeong-hun Tae
Batting: RHB Chi-eun Mun 0-0: Ball
1-0: SINGLE (Groundball, 6MD)
Batting: RHB Marvin Strickland 0-0: Called Strike
0-1: SINGLE (Flyball, 9S)
Chi-eun Mun to second
Runner from 2nd tries for 3rd, SAFE, throw made to third
Pinch Hitting: SHB John Wilder 0-0: Foul Ball, location: 2F
0-1: Swinging Strike
0-2: Strikes out looking
Batting: SHB Tekkan Hayagawa 0-0: Swinging Strike
0-1: Called Strike
0-2: Ball
1-2: Foul Ball, location: 2F
1-2: SINGLE (Groundball, 4D)
Chi-eun Mun scores
Marvin Strickland to second
Runner from 2nd tries for 3rd, SAFE, no throw
Pitching: RHP Ramón Aguilera
Batting: RHB Bearooz Yacoobi 0-0: Ball
1-0: Foul Ball, location: 2F
1-1: Fly out, F7 (Flyball, 78S)
Runner from 3rd tags up, SCORES, no throw
Batting: LHB Semo Hoaloha 0-0: Ball
1-0: Ball
2-0: Ball
3-0: Called Strike
3-1: Base on Balls
Tekkan Hayagawa to second
Batting: RHB Jaxton Goleta 0-0: Called Strike
0-1: Swinging Strike
0-2: Ball
1-2: Ball
2-2: Strikes out swinging
Top of the 7th over - 2 runs, 3 hits, 0 errors, 2 left on base; Grim 5 - Idaho Falls 3
BOTTOM OF THE 7TH
Idaho Falls Chukars batting - Pitching for Grim Reapers : LHP Ramón Cerrillo
Pitching: RHP César Morales
Now at SS: Guo-liang Ye
Batting: SHB Miguel González 0-0: Foul Ball, location: 2F
0-1: Ball
1-1: Swinging Strike
1-2: Strikes out swinging
Batting: SHB Jesús Sánchez 0-0: Foul Ball, location: 2F
0-1: Swinging Strike
0-2: Ball
1-2: Strikes out swinging
Batting: SHB Ricardo Ríos 0-0: Ball
1-0: Foul Ball, location: 2F
1-1: Reached on error, E5 (Groundball, 56)
Batting: RHB Kenny Johnson 0-0: Called Strike
0-1: Swinging Strike
0-2: Ball
1-2: Strikes out swinging
Bottom of the 7th over - 0 runs, 0 hits, 1 error, 1 left on base; Grim 5 - Idaho Falls 3
TOP OF THE 8TH
Grim Reapers batting - Pitching for Idaho Falls Chukars : RHP Ramón Aguilera
Batting: SHB Takechi Yamashita 0-0: Called Strike
0-1: Foul Ball, location: 2F
0-2: Strikes out looking
Batting: RHB Joe Rodgers 0-0: Ball
1-0: Ball
2-0: Ball
3-0: Called Strike
3-1: Ground out U3 (Groundball, 34S)
Batting: RHB Chi-eun Mun 0-0: Ball
1-0: Ground out 5-3 (Groundball, 5S)
Top of the 8th over - 0 runs, 0 hits, 0 errors, 0 left on base; Grim 5 - Idaho Falls 3
BOTTOM OF THE 8TH
Idaho Falls Chukars batting - Pitching for Grim Reapers : RHP César Morales
Batting: RHB Kelyn Diallo 0-0: Ball
1-0: Called Strike
1-1: Ball
2-1: Ball
3-1: Base on Balls
Batting: RHB Tadamichi Yamamoto 0-0: Called Strike
0-1: Ground out 5-3 (Groundball, 56S)
Kelyn Diallo to second
Batting: RHB Bellmay Blake 0-0: Ball
1-0: Ball
2-0: Foul Ball, location: 2F
2-1: Foul Ball, location: 2F
2-2: Strikes out swinging
Batting: RHB Ernesto Rivera 0-0: Ball
1-0: Called Strike
1-1: Called Strike
1-2: Strikes out swinging
Bottom of the 8th over - 0 runs, 0 hits, 0 errors, 1 left on base; Grim 5 - Idaho Falls 3
TOP OF THE 9TH
Grim Reapers batting - Pitching for Idaho Falls Chukars : RHP Ramón Aguilera
Batting: RHB Marvin Strickland 0-0: Fly out, F8 (Flyball, 8RD)
Batting: SHB Guo-liang Ye 0-0: Foul Ball, location: 2F
0-1: Fly out, F9 (Flyball, 89D)
Batting: SHB Tekkan Hayagawa 0-0: Ball
1-0: Foul Ball, location: 2F
1-1: Foul Ball, location: 2F
1-2: Foul Ball, location: 2F
1-2: Ball
2-2: Foul Ball, location: 2F
2-2: Strikes out swinging
Top of the 9th over - 0 runs, 0 hits, 0 errors, 0 left on base; Grim 5 - Idaho Falls 3
BOTTOM OF THE 9TH
Idaho Falls Chukars batting - Pitching for Grim Reapers : RHP César Morales
Pitching: RHP Jerry Magee
Batting: RHB Toby Caunce 0-0: Ball
1-0: Ball
2-0: Foul Ball, location: 2F
2-1: Foul Ball, location: 2F
2-2: Ball
3-2: SINGLE (Flyball, 78M)
Batting: SHB Miguel González 0-0: Called Strike
0-1: Swinging Strike
0-2: SINGLE (Groundball, 6MS) (infield hit)
Toby Caunce to second
Pinch Hitting: RHB Juan Sánchez 0-0: Sac Bunt - play at first, batter OUT! 1-3
Toby Caunce to third
Miguel González to second
Pinch Hitting: RHB Jon Rabbetts 0-0: Called Strike
0-1: Ground out 4-3 (Groundball, 4)
Batting: RHB Kenny Johnson 0-0: Called Strike
0-1: Ball
1-1: Ball
2-1: Ground out 6-3 (Groundball, 56)
Bottom of the 9th over - 0 runs, 2 hits, 0 errors, 2 left on base; Grim 5 - Idaho Falls 3
Friday, March 29th, 2019 - OOTP Baseball 18.8 Build 76